 Dungeon Crawl Stone Soup version 0.17-a0-1731-g129c023 (webtiles) character file.

28 Redz the Caller (level 3, 0/20 HPs)
             Began as a Kobold Summoner on Aug 29, 2015.
             Slain by a jackal (2 damage)
             ... on level 3 of the Dungeon.
             The game lasted 00:04:46 (1767 turns).

Redz the Caller (Kobold Summoner)                   Turns: 1767, Time: 00:04:46

Health: 0/20       AC:  2    Str:  6    XL:     3   Next: 30%
Magic:  4/6        EV: 16    Int: 14    God:
Gold:   38         SH:  0    Dex: 16    Spells: 2 memorised, 3 levels left

rFire  . . .     SeeInvis .     d - +0 dagger
rCold  . . .     Clarity  .     k - +0 robe
rNeg   . . .     SustAt   .     (shield restricted)
rPois  .         Gourm    .     (no helmet)
rElec  .         Spirit   .     (no cloak)
rCorr  .         Warding  .     (no gloves)
rMut   .         Stasis   .     (no boots)
MR     .....                    (no amulet)
Stlth  +++.......               (no ring)
                                (no ring)

@: not resistant to hostile enchantments, fairly stealthy
A: carnivore 3
a: no special abilities


You were on level 3 of the Dungeon.
You were completely stuffed.

You visited 1 branch of the dungeon, and saw 3 of its levels.

You collected 38 gold pieces.

Inventory:

Hand weapons
 d - a +0 dagger (weapon)
Missiles
 a - 16 bolts
Armour
 k - a +0 robe (worn)
Scrolls
 e - 3 scrolls of identify {unknown}
 f - 2 scrolls of teleportation {unknown}
 j - a scroll of remove curse {unknown}
 m - a scroll of magic mapping {unknown}
Potions
 g - a potion of brilliance {unknown}
 h - a potion of poison {unknown}
 i - a potion of might {unknown}
Books
 b - a book of Callings

   Spells                             Type                      Level
   a - Summon Small Mammal            Summoning                    1
   b - Call Imp                       Summoning                    2
   c - Call Canine Familiar           Summoning                    3
   d - Summon Guardian Golem          Hexes/Summoning              3
   e - Summon Lightning Spire         Summoning/Air                4
   f - Summon Ice Beast               Ice/Summoning                4
Comestibles
 c - 2 meat rations
 l - 2 chunks of flesh


   Skills:
 * Level 0.9 Fighting
 + Level 3.1 Dodging
 + Level 2.9 Stealth
 + Level 2.2 Spellcasting
 + Level 4.2 Summonings


You had 3 spell levels left.
You knew the following spells:

 Your Spells              Type           Power        Failure   Level  Hunger
a - Summon Small Mammal   Summ           ##..         4%          1    #......
b - Call Imp              Summ           ##......     10%         2    ###....


Dungeon Overview and Level Annotations

Branches:
Dungeon (3/15)

Altars:


Innate Abilities, Weirdness & Mutations

You are small and have problems with some larger weapons.
You are carnivorous and can eat meat at any time.


Message History

You climb downwards.
There is a stone staircase leading up here.
Casting: Summon Small Mammal
Confirm with . or Enter, or press ? or * to list all spells.
The jackal misses you. The jackal bites you.
* * * LOW HITPOINT WARNING * * *
The jackal bites you.
* * * LOW HITPOINT WARNING * * *
The jackal barely misses you. The jackal misses you.
Your rat bites the jackal but does no damage.
The jackal bites your rat.
Your rat dies!
Your rat's corpse disappears in a puff of smoke!
Casting: Summon Small Mammal
Confirm with . or Enter, or press ? or * to list all spells.
The jackal barks!
You hear a shout!
The jackal closely misses you. The jackal bites you.
* * * LOW HITPOINT WARNING * * *
Your bat closely misses the jackal.
The jackal bites you.
You die...

# ##.
..#+#####
#......#
+...)b@#
#....hh#
#......#
#...รท.<#
#......#
#......#
....######
###. #


You could see 2 jackals and a friendly bat.

Vanquished Creatures
  2 giant geckos (D:1)
  A ball python (D:3)
  2 bats (D:1)
  A giant cockroach (D:1)
  A goblin (D:1)
  3 hobgoblins (D:1)
  A jackal (D:1)
  2 kobolds (D:1)
  7 giant newts
  4 rats (D:1)
24 creatures vanquished.

Vanquished Creatures (collateral kills)
  3 jackals (D:1)
  A kobold (D:1)
  A bat (D:1)
5 creatures vanquished.

Grand Total: 29 creatures vanquished

Notes
Turn   | Place    | Note
--------------------------------------------------------------
     0 | D:1      | Redz the Kobold Summoner began the quest for the Orb.
     0 | D:1      | Reached XP level 1. HP: 10/10 MP: 3/3
   369 | D:1      | Reached XP level 2. HP: 9/15 MP: 5/5
   717 | D:1      | Learned a level 2 spell: Call Imp
  1172 | D:1      | Reached XP level 3. HP: 18/20 MP: 6/6
  1767 | D:3      | Slain by a jackal

Vault maps used:
D:1:      nicolae_arrival_somewhat_less_tricky_arrival, nrook_mini_vaults
D:2:      first_bread
D:3:      nicolae_dithmenos_through_a_glass_darkly, uniq_natasha,
          uniq_crazy_yiuf_cottage

Action                   || total
-------------------------++-------
Melee: Dagger            ||   119
       Unarmed           ||    16
 Cast: Summon Small Mamm ||    14
 Stab: Sleeping          ||     9
       Distracted        ||     1
  Eat: Chunk             ||    11
